[Event "Titled Tuesday Blitz May 17 Late 2022"]
[White "Andreikin, Dmitry"]
[Black "Holt, Conrad"]
[WhiteFideId "4158814"]
[BlackFideId "2034387"]
[WhiteElo "2736"]
[BlackElo "2586"]
[Result "1/2-1/2"]
[Round "07"]
[TimeControl "180+1"]
[Date "2022.05.17"]
[WhiteClock "0:00:04"]
[BlackClock "0:00:08"]

1. d4 d5 2. c4 c6 3. Nf3 Nf6 4. Qc2 dxc4 5. e4 b5 6. b3 cxb3 7. axb3 e6 8. Bd3 Be7 9. O-O Bb7 10. Bd2 a5 11. Nc3 Na6 12. e5 Nb4 13. exf6 Nxc2 14. fxe7 Qxe7 15. Bxc2 c5 16. Ne4 cxd4 17. Nxd4 O-O 18. Be3 Rfc8 19. Bb1 Qb4 20. Nd2 a4 21. h3 a3 22. Ra2 e5 23. Nc2 Qd6 24. b4 Bd5 25. Bc5 Rxc5 26. bxc5 Qxc5 27. Ra1 a2 28. Ne3 axb1=Q 29. Raxb1 Be6 30. Ne4 Qd4 31. Ng5 Bd7 32. Rfd1 Qa7 33. Nd5 h6 34. Nf3 e4 35. Nd4 Rb8 36. Nc3 b4 37. Nxe4 Qa5 38. Nb3 Qe5 39. Nec5 Bf5 40. Rbc1 Rc8 41. Rd4 Qb8 42. Rcd1 Be6 43. Nxe6 fxe6 44. Re4 Rc3 45. Nd4 Qb7 46. Rxe6 b3 47. Nxb3 Rxb3 48. Red6 Rb2 49. Rd7 Qb6 50. R7d4 Qb5 51. Rf1 Kh7 52. h4 Rb1 53. Rxb1 Qxb1+ 54. Kh2 Qe1 55. Rf4 Qe5 56. g3 Kg6 57. Kg2 Qd5+ 58. Kg1 Kh5 59. Kh2 g5 60. hxg5 hxg5 61. Rf8 Kg4 62. f3+ Kh5 63. g4+ Kg6 64. Rf5 Qd2+ 65. Kg3 Qd1 66. Kg2 Qe1 67. Rf8 Qd2+ 68. Kg1 Qc1+ 69. Kg2 Qb2+ 70. Kg3 Qb6 71. Rf5 Qb8+ 72. Kg2 Qa8 73. Kf2 Qd8 74. Kg2 Qd1 75. Kf2 Qh1 76. Ke3 Qg2 77. Kd3 Qf2 78. Ke4 Qe2+ 79. Kd4 Qe1 80. Kd3 Qf2 81. Ke4 Qd2 82. Ke5 Qe3+ 83. Kd5 Kg7 84. Kc4 Kg6 85. Kd5 Qe2 86. Kd4 Qe6 87. Kd3 Qe7 88. Kd4 Qe2 89. Kd5 Qe3 90. Kc4 Qd2 91. Kc5 Qd3 92. Kc6 Qd4 93. Kc7 Qc4+ 94. Kd6 Qd3+ 95. Ke5 Qe3+ 96. Kd5 1/2-1/2


[Site "https://www.chess.com"]

[Event "Titled Tuesday Blitz May 17 Late 2022"]
[White "Babazada, Khazar"]
[Black "Norowitz, Yaacov"]
[WhiteFideId "13413554"]
[BlackFideId "2024799"]
[WhiteElo "2406"]
[BlackElo "2412"]
[Result "0-1"]
[Round "07"]
[TimeControl "180+1"]
[Date "2022.05.17"]
[WhiteClock "0:00:03"]
[BlackClock "0:00:38"]

1. e4 c6 2. d4 d5 3. Nc3 dxe4 4. Nxe4 Nf6 5. Nxf6+ gxf6 6. c3 Qd5 7. Nf3 Bg4 8. Be2 Nd7 9. h3 Bh5 10. Qb3 O-O-O 11. Qxd5 cxd5 12. a4 Rg8 13. O-O e6 14. Re1 Bd6 15. Kf1 Nb8 16. a5 a6 17. Be3 Nc6 18. g3 Bc7 19. b4 Na7 20. Nd2 Bxe2+ 21. Kxe2 Kb8 22. Kd3 Nb5 23. Nb3 h5 24. h4 Bd6 25. Nc5 Kc7 26. Bd2 Kc6 27. Re3 e5 28. dxe5 fxe5 29. Nb3 f5 30. Kc2 Rg4 31. Rae1 e4 32. R3e2 Rc8 33. Kb2 Kd7 34. Rd1 Ke6 35. Be1 Rg7 36. Rc2 Rgc7 37. Rdc1 Rc4 38. Bd2 Kf7 39. Bf4 Be7 40. Be3 Bf6 41. Bc5 Ke6 42. Nd2 R8xc5 43. bxc5 Rxc5 44. Nb3 Rc4 45. Nd2 Rc6 46. Nb3 Be5 47. Nd2 Rc8 48. Kb3 d4 49. Nc4 Nxc3 50. Nxe5 Kxe5 51. Rb2 Rc5 52. Re1 Kd5 53. Rd2 Rb5+ 54. Kc2 Kc4 55. Ra1 Rb4 56. f3 e3 57. Rd3 Rb2+ 0-1


[Site "https://www.chess.com"]

[Event "Titled Tuesday Blitz May 17 Late 2022"]
[White "Barria Zuniga, Daniel"]
[Black "Oparin, Grigoriy"]
[WhiteFideId "3400816"]
[BlackFideId "24125890"]
[WhiteElo "2414"]
[BlackElo "2665"]
[Result "1-0"]
[Round "07"]
[TimeControl "180+1"]
[Date "2022.05.17"]
[WhiteClock "0:00:04"]
[BlackClock "0:00:29"]

1. c4 d6 2. g3 g6 3. Bg2 Bg7 4. Nc3 c5 5. e3 Nc6 6. Nge2 Bf5 7. d4 cxd4 8. exd4 Nf6 9. h3 O-O 10. g4 Bd7 11. Be3 Rc8 12. Rc1 a6 13. O-O e5 14. b3 h5 15. g5 Nh7 16. h4 f6 17. dxe5 dxe5 18. Qd5+ Kh8 19. Rfd1 Bg4 20. Qxd8 Rfxd8 21. Rxd8+ Rxd8 22. Ng3 Nd4 23. Bxb7 fxg5 24. hxg5 Bf8 25. Be4 h4 26. Nf1 Nf5 27. Nh2 Bh5 28. Bb6 Rc8 29. Nd5 Nxg5 30. Bxf5 gxf5 31. c5 Nf3+ 32. Nxf3 Bxf3 33. Nf6 Bc6 34. Rc4 e4 35. Rd4 Be7 36. Nd7 Rg8+ 37. Kh2 Bg5 38. Bc7 Kh7 39. Be5 Kg6 40. Rd6+ Kh5 41. Rxc6 Kg4 42. Nf6+ Bxf6 43. Rxf6 Rd8 44. Rd6 Rc8 45. c6 Kf3 46. Rf6 Kg4 47. c7 h3 48. Rb6 Re8 49. Rb8 Rxe5 50. c8=Q Rd5 51. Qg8+ 1-0


[Site "https://www.chess.com"]

[Event "Titled Tuesday Blitz May 17 Late 2022"]
[White "Bluebaum, Matthias"]
[Black "Kozak, Adam"]
[WhiteFideId "24651516"]
[BlackFideId "753246"]
[WhiteElo "2556"]
[BlackElo "2459"]
[Result "1/2-1/2"]
[Round "07"]
[TimeControl "180+1"]
[Date "2022.05.17"]
[WhiteClock "0:00:36"]
[BlackClock "0:00:15"]

1. d4 Nf6 2. c4 e6 3. Nc3 c5 4. d5 exd5 5. cxd5 d6 6. Nf3 g6 7. Bg5 Bg7 8. Nd2 O-O 9. e4 Nbd7 10. Be2 a6 11. a4 Qe7 12. O-O Re8 13. f4 Qf8 14. Kh1 Rb8 15. Qc2 Nb6 16. Rae1 Nbd7 17. Bh4 Kh8 18. Bg3 Nh5 19. Bxh5 gxh5 20. Qd1 b5 21. axb5 axb5 22. e5 dxe5 23. Qxh5 Nf6 24. Qh4 e4 25. Ndxe4 Nxe4 26. Nxe4 Bf5 27. Nf6 Rxe1 28. Rxe1 h6 29. h3 b4 30. Bf2 Qd6 31. Ne8 Qxd5 32. Nxg7 Kxg7 33. Re5 Qd1+ 34. Kh2 Qd3 35. Bxc5 b3 36. Re3 Qa6 37. Bd4+ Kh7 38. Re7 Qg6 39. g4 Rg8 40. Qg3 Be6 41. Qe3 Qc2+ 42. Kg3 Qc4 43. Bc3 Qd5 44. f5 Bxf5 45. Re5 Qd7 46. Bd2 Rg6 47. Qf4 Be6 48. Rh5 Qd5 49. Rxh6+ Rxh6 50. Qxh6+ Kg8 51. Bc3 Qd3+ 52. Kh2 Qc2+ 53. Kg3 Qd3+ 54. Kh4 Qh7 55. Kg5 Qxh6+ 56. Kxh6 Bd5 57. Kg5 Be6 58. Kf6 Kh7 59. Bd2 Bc4 60. h4 Be6 61. g5 Bc4 62. h5 Bd5 63. Bc3 Bc4 64. Bd4 Bd5 65. Bc3 Bc4 66. Bd2 Bd5 67. Ke7 Bc4 68. Kd6 Kg8 69. Kc5 Be6 70. Bc3 Kh7 71. Kb4 Kg8 72. Bf6 Bd5 73. Kc3 Be6 74. Kd4 Kh7 75. Ke5 Bc4 76. Kd6 Kg8 77. Kd7 Bd5 78. Ke8 Bc4 79. Ke7 Bd5 80. Be5 Bc4 81. Kf6 Bd5 82. Bd4 Bc4 83. Bc3 Bd5 84. Kf5 Bc4 85. Bd4 Be6+ 86. Ke5 Bc4 87. Bc3 Kh7 88. Bd2 Kg8 89. Be3 Be2 90. h6 Bc4 91. Kf6 Kh7 92. Bd4 Kg8 93. Bc3 Kh7 94. Ke7 Kg8 95. Kd6 Kh7 96. Kc5 Be6 97. Kb5 Kg6 98. Kb4 Kh7 99. Bd4 Kg6 100. Kc5 Kh7 101. Kd6 Kg6 102. Ke7 Kh7 103. Kf8 Bc4 104. Bc3 Bd5 105. Ke7 Bc4 106. Kf6 Bd5 107. Bd4 Bc4 108. Kf5 Bd5 109. Ke5 Bc4 110. Bc3 Be6 111. Kf6 Bc4 112. Bd2 Bd5 113. Bf4 Bc4 114. Ke7 Bd5 115. Be5 Bc4 116. Bd6 Bd5 117. Kf6 Bc4 118. Kf5 Be6+ 119. Ke5 Bc4 120. Bc5 Be6 121. Kd6 Bc4 122. Bb4 Be6 123. Ke7 Bc4 124. Kf6 Bd5 125. Ba3 Bc4 126. Ke5 Be6 127. Ke4 Bc4 128. Kf4 Be6 129. Bc5 Bc4 130. Bd4 Be6 131. Ke3 Bc4 132. Bf6 Be6 133. Kd4 Kg6 134. Kc5 Kh7 135. Kc6 Bc4 136. Kd7 Be6+ 137. Ke7 Bc4 138. Kf8 Bd5 139. Be7 Bc4 140. Bd6 1/2-1/2


[Site "https://www.chess.com"]

[Event "Titled Tuesday Blitz May 17 Late 2022"]
[White "Bok, Benjamin"]
[Black "Zakhartsov, Vladimir"]
[WhiteFideId "1017063"]
[BlackFideId "4145097"]
[WhiteElo "2658"]
[BlackElo "2428"]
[Result "1/2-1/2"]
[Round "07"]
[TimeControl "180+1"]
[Date "2022.05.17"]
[WhiteClock "0:00:10"]
[BlackClock "0:00:04"]

1. d4 Nf6 2. c4 e6 3. Nc3 Bb4 4. Qc2 d5 5. a3 Bxc3+ 6. Qxc3 c5 7. dxc5 d4 8. Qg3 Nc6 9. b4 O-O 10. Bh6 Nh5 11. Qg5 a5 12. b5 Ne7 13. Nf3 f6 14. Qxh5 gxh6 15. Rd1 Nf5 16. Nxd4 Qe7 17. Nxf5 exf5 18. Qxh6 Qxc5 19. Rd3 f4 20. Qxf4 Be6 21. Qd4 Qc7 22. e3 Rad8 23. Qc3 Rc8 24. Rd4 Qc5 25. a4 Qg5 26. g3 Rc5 27. Be2 Rfc8 28. O-O Qg7 29. Rfd1 b6 30. Rd8+ Kf7 31. Rxc8 Rxc8 32. Rd6 Qg5 33. Qd4 Bh3 34. Rxb6 Qf5 35. Rd6 Qb1+ 36. Qd1 Qe4 37. Bf3 Qe5 38. Qd5+ Ke7 39. Qxe5+ fxe5 40. Rh6 Bf5 41. Rh5 Bg6 42. Rxe5+ Kf6 43. Rd5 Rxc4 44. Kg2 Rxa4 45. b6 Rb4 46. Rxa5 Rxb6 47. h4 h6 48. h5 Bf7 49. g4 Kg7 50. Kg3 Rb2 51. Be4 Be6 52. f3 Rb3 53. Ra7+ Kf8 54. Ra6 Ke7 55. Kf4 Rb4 56. Ra7+ Kf6 57. Rh7 Rb6 58. Rxh6+ Kg7 59. Rg6+ Kf7 60. h6 Rb4 61. h7 Rb8 62. Rh6 Rh8 63. Kg5 Bc4 64. Bf5 Kg7 65. f4 Rf8 66. Rb6 Kh8 67. e4 Bf7 68. e5 Re8 69. Rb7 Bd5 70. e6 Bxb7 71. Kf6 Rf8+ 72. Ke5 Re8 73. g5 Bc8 74. g6 Kg7 75. Kd6 Bxe6 76. Bxe6 Kxg6 77. f5+ Kxh7 78. f6 Rf8 79. Ke7 Rxf6 80. Kxf6 1/2-1/2


[Site "https://www.chess.com"]

[Event "Titled Tuesday Blitz May 17 Late 2022"]
[White "Bortnyk, Olexandr"]
[Black "Suleymanli, Aydin"]
[WhiteFideId "14120828"]
[BlackFideId "13413937"]
[WhiteElo "2723"]
[BlackElo "2481"]
[Result "1/2-1/2"]
[Round "07"]
[TimeControl "180+1"]
[Date "2022.05.17"]
[WhiteClock "0:00:10"]
[BlackClock "0:00:18"]

1. d4 d5 2. Nc3 Nf6 3. Bf4 a6 4. e3 c5 5. dxc5 Qa5 6. Nf3 Qxc5 7. Be2 Nc6 8. O-O g6 9. Bc7 b5 10. Ne5 Na7 11. Ba5 b4 12. Bxb4 Qxb4 13. Nxd5 Qd6 14. Bf3 Rb8 15. Nc4 Qc5 16. Nxf6+ exf6 17. Qd4 Be6 18. Qxf6 Bxc4 19. Rfd1 Rg8 20. Bd5 Bxd5 21. Qe5+ Be6 22. Qxb8+ Nc8 23. Qb7 Bd6 24. Qxa6 Kf8 25. Qd3 Kg7 26. Qd4+ Qxd4 27. exd4 Nb6 28. b3 Nd5 29. c4 Nc3 30. Re1 Bf5 31. Re3 Nb1 32. g4 Bc2 33. a4 Bb4 34. a5 Ra8 35. a6 Bc3 36. Ra2 Bxd4 37. Rxc2 Bxe3 38. fxe3 Rxa6 39. b4 Ra1 40. Kf2 Ra4 41. c5 Rxb4 42. c6 Rb8 43. c7 Rc8 44. Kf3 Kf6 45. Kf4 Kg7 46. Kg5 h6+ 47. Kf4 Kf6 48. Rc6+ Ke7 49. g5 hxg5+ 50. Kxg5 Nd2 51. Kf4 Nb3 52. Ke5 Na5 53. Rc5 Nb7 54. Rc6 Kd7 55. Rf6 Ke8 56. Rc6 Ke7 57. h4 Na5 58. Rc3 Nb7 59. Rc6 Na5 60. Rc3 Kd7 61. Kf6 Nc6 62. Kxf7 Rxc7 63. Kf6 Kd6 64. Rd3+ Kc5 65. e4 Nd4 66. Kxg6 Re7 67. h5 Re6+ 68. Kf7 Rxe4 69. h6 Rh4 70. Kg6 Ne6 71. Rf3 Nf4+ 72. Kg5 Rh5+ 73. Kxf4 Rxh6 74. Kg5 Rd6 75. Rc3+ Kb4 76. Rc1 Rd5+ 77. Kf4 Rc5 78. Rb1+ Kc3 79. Ke3 Kc2 80. Rb4 Rc7 81. Rb8 Re7+ 82. Kd4 Rd7+ 83. Ke3 Rc7 84. Rh8 Rc3+ 85. Kd4 Rd3+ 86. Ke4 Rd2 87. Ke3 Rd3+ 88. Ke4 Rd2 89. Rc8+ Kd1 90. Kf3 Rd3+ 91. Ke4 Rd2 92. Ra8 Ke2 93. Rh8 Kd1 94. Ke3 Re2+ 95. Kd3 Rd2+ 96. Ke3 Re2+ 97. Kd4 Rd2+ 98. Kc3 Rc2+ 99. Kb3 Re2 100. Rh1+ Kd2 101. Rh3 Re3+ 102. Rxe3 Kxe3 1/2-1/2


[Site "https://www.chess.com"]

[Event "Titled Tuesday Blitz May 17 Late 2022"]
[White "Bryakin, Mikhail"]
[Black "Tisaj, Domen"]
[WhiteFideId "4165314"]
[BlackFideId "14628708"]
[WhiteElo "2417"]
[BlackElo "2326"]
[Result "1-0"]
[Round "07"]
[TimeControl "180+1"]
[Date "2022.05.17"]
[WhiteClock "0:00:04"]
[BlackClock "0:00:09"]

1. e4 c6 2. Nf3 d5 3. exd5 cxd5 4. Ne5 Nc6 5. Bb5 Bd7 6. Nxd7 Qxd7 7. O-O Nf6 8. d4 e6 9. c3 Be7 10. Nd2 O-O 11. f4 a6 12. Bd3 Ne8 13. Nf3 f5 14. Ne5 Qc8 15. g4 Nd6 16. gxf5 exf5 17. Be3 Ne4 18. Kh1 Qe6 19. Rg1 Qh6 20. Qf3 Kh8 21. Rg2 Bf6 22. Rag1 Rad8 23. a4 Qh4 24. Bf2 Nxf2+ 25. Rxf2 Bxe5 26. fxe5 g6 27. Rfg2 Ne7 28. Rg3 Qh6 29. Rh3 Qg7 30. Qf4 b5 31. axb5 axb5 32. Rhg3 b4 33. cxb4 Rb8 34. b5 Rfc8 35. h4 Rb6 36. h5 Kg8 37. Kh2 Rf8 38. R1g2 Qf7 39. Qh6 Re6 40. Rh3 Qg7 41. Qf4 h6 42. hxg6 Rxg6 43. Rhg3 Kh8 44. Qf3 Rg5 45. Rxg5 hxg5 46. Qh5+ Qh7 47. Rxg5 Qxh5+ 48. Rxh5+ Kg8 49. Rh6 Kf7 50. Rf6+ Ke8 51. Rxf8+ Kxf8 52. b6 Nc6 53. Bb5 Nb8 54. Kg3 Ke7 55. Kf4 Ke6 56. b4 Nc6 57. Bxc6 Ke7 58. b7 Ke6 59. b8=Q Ke7 60. Qd6+ Kf7 61. Bxd5+ Kg7 62. Qf6+ Kh7 63. Qg5 Kh8 64. Qg8# 1-0


[Site "https://www.chess.com"]

[Event "Titled Tuesday Blitz May 17 Late 2022"]
[White "Chigaev, Maksim"]
[Black "Kamsky, Gata"]
[WhiteFideId "4108116"]
[BlackFideId "2000024"]
[WhiteElo "2457"]
[BlackElo "2645"]
[Result "0-1"]
[Round "07"]
[TimeControl "180+1"]
[Date "2022.05.17"]
[WhiteClock "0:00:06"]
[BlackClock "0:00:52"]

1. d4 d5 2. c4 c6 3. Nf3 Nf6 4. Qc2 g6 5. Bf4 dxc4 6. Qxc4 Bg7 7. e3 Nh5 8. Be5 Bxe5 9. Nxe5 Be6 10. Qb4 Qb6 11. a3 Nf6 12. Nc3 Nd5 13. Nxd5 Bxd5 14. f3 O-O 15. e4 Be6 16. Qxb6 axb6 17. Kf2 Rd8 18. Ke3 Ra4 19. Rd1 f6 20. Ng4 c5 21. d5 Bxg4 22. fxg4 c4 23. g5 b5 24. Be2 Kg7 25. Rhf1 fxg5 26. e5 Nd7 27. e6 Nf6 28. d6 exd6 29. Bf3 d5 30. Kd4 Kf8 31. h4 gxh4 32. Bg4 Ke7 33. Rxf6 Kxf6 34. Rf1+ Kg5 35. Bh3 c3+ 36. Kxc3 Re4 37. Rf7 h5 38. Rxb7 Kf4 39. Rxb5 g5 0-1


[Site "https://www.chess.com"]

[Event "Titled Tuesday Blitz May 17 Late 2022"]
[White "Dardha, Daniel"]
[Black "Indjic, Aleksandar"]
[WhiteFideId "240990"]
[BlackFideId "911925"]
[WhiteElo "2482"]
[BlackElo "2616"]
[Result "0-1"]
[Round "07"]
[TimeControl "180+1"]
[Date "2022.05.17"]
[WhiteClock "0:00:01"]
[BlackClock "0:00:07"]

1. e4 d5 2. exd5 Qxd5 3. Nc3 Qd6 4. d4 Nf6 5. Nf3 a6 6. g3 g6 7. Bg2 Bg7 8. O-O O-O 9. Bf4 Qd8 10. Re1 c6 11. Ne5 Nbd7 12. Qe2 e6 13. a4 Nd5 14. Bd2 Nxc3 15. Bxc3 Nf6 16. a5 Re8 17. Rad1 Qc7 18. Bd2 h6 19. h4 c5 20. dxc5 Qxc5 21. Nc4 e5 22. Be3 Qe7 23. Rd6 Bg4 24. Qd3 e4 25. Qb3 Bf3 26. Bd4 Bxg2 27. Kxg2 Rad8 28. Bc5 Rc8 29. Bb4 Qc7 30. Ne3 h5 31. Red1 Rcd8 32. Rxd8 Rxd8 33. Qc4 Qb8 34. Rd4 Rc8 35. Qe2 Re8 36. Qd1 Qc8 37. Bc3 Ng4 38. Nxg4 hxg4 39. Qd2 e3 40. fxe3 Qc6+ 41. Rd5 Bxc3 42. bxc3 Qe6 43. Qd4 Qxe3 44. Qxe3 Rxe3 45. Rc5 Re2+ 46. Kf1 Rxc2 47. Rc7 Ra2 48. Rxb7 Rxa5 49. Rb4 f5 50. Rb6 Kg7 51. Kf2 Ra3 52. c4 a5 53. c5 Ra2+ 54. Ke3 Ra3+ 55. Kf4 Rf3+ 56. Kg5 Rxg3 57. Rb7+ Kf8 58. c6 Rc3 59. c7 Ke8 60. Kxg6 g3 61. Kf6 g2 62. Rb8+ Kd7 63. Rg8 Kxc7 64. Rxg2 Rh3 65. Kg5 f4 66. h5 f3 67. Rc2+ Kb6 68. Kg4 Rh1 69. Rc3 f2 70. Rb3+ Ka6 71. Rg3 f1=Q 72. Kg5 Qg1 0-1


[Site "https://www.chess.com"]

[Event "Titled Tuesday Blitz May 17 Late 2022"]
[White "Fedoseev, Vladimir"]
[Black "Rustemov, Alexander"]
[WhiteFideId "24130737"]
[BlackFideId "4119002"]
[WhiteElo "2726"]
[BlackElo "2797"]
[Result "1/2-1/2"]
[Round "07"]
[TimeControl "180+1"]
[Date "2022.05.17"]
[WhiteClock "0:00:16"]
[BlackClock "0:00:06"]

1. Nf3 d5 2. g3 c6 3. Bg2 Bf5 4. O-O e6 5. d3 h6 6. Nbd2 Nf6 7. b3 Be7 8. Bb2 O-O 9. Qe1 a5 10. e4 Bh7 11. a3 Qc7 12. Nd4 Nbd7 13. exd5 Nxd5 14. Ne4 N7f6 15. f4 Rfd8 16. f5 exf5 17. Nxf5 Bxf5 18. Rxf5 Nxe4 19. Bxe4 Bf6 20. Bxd5 Bxb2 21. Bxf7+ Kh8 22. Rb1 Bxa3 23. Qe4 b5 24. Rbf1 a4 25. bxa4 bxa4 26. Rh5 Qd6 27. Kg2 Bb2 28. Rf4 a3 29. Ba2 Rf8 30. Rfh4 Rf6 31. Qe3 Raf8 32. Re4 Kh7 33. Re6 Rxe6 34. Bxe6 Qd4 35. Qe2 Qf6 36. Rf5 Qd8 37. Qe4 Rxf5 38. Qxf5+ g6 39. Qf7+ Bg7 40. h4 h5 41. Kh3 Qf6 42. Qxf6 Bxf6 43. Kg2 Kg7 44. Kf3 Be5 45. g4 hxg4+ 46. Kxg4 Kf6 47. Ba2 c5 48. Bb3 Bc3 49. Ba2 Be1 50. Bb3 Bd2 51. Ba2 Be1 52. Bb3 Bd2 53. Kf3 Be1 54. Kg4 1/2-1/2


[Site "https://www.chess.com"]

[Event "Titled Tuesday Blitz May 17 Late 2022"]
[White "Gallo Garcia, Kemel Antonio"]
[Black "Santos Ruiz, Miguel"]
[WhiteFideId "3523896"]
[BlackFideId "22291482"]
[WhiteElo "2359"]
[BlackElo "2486"]
[Result "1-0"]
[Round "07"]
[TimeControl "180+1"]
[Date "2022.05.17"]
[WhiteClock "0:00:12"]
[BlackClock "0:00:19"]

1. e4 c5 2. Nf3 a6 3. g3 Nf6 4. e5 Nd5 5. Bg2 d6 6. O-O e6 7. Nc3 Nxc3 8. bxc3 d5 9. d4 Nc6 10. a4 Be7 11. h4 h6 12. h5 Bd7 13. Be3 Qc7 14. Qd2 Na5 15. Bf4 Rc8 16. Rfc1 Nc4 17. Qe2 b5 18. Nd2 cxd4 19. cxd4 Nb2 20. axb5 Bxb5 21. Qg4 Kf8 22. c4 Nxc4 23. Nxc4 Bxc4 24. Bf1 Kg8 25. Rxa6 Kh7 26. Bxc4 dxc4 27. Qe2 Rhd8 28. Be3 Qb7 29. Ra4 c3 30. Qd3+ Kg8 31. Rxc3 Rxc3 32. Qxc3 Rc8 33. Rc4 Ra8 34. Qe1 Qf3 35. Rc7 Bf8 36. Rc1 Qxh5 37. Qd1 Qf5 38. Kg2 Ra2 39. Qf3 Qd3 40. Rc8 Ra1 41. d5 exd5 42. Bc5 Qf1+ 43. Kh2 Qg1+ 44. Kh3 Qb1 45. Rxf8+ Kh7 46. Rxf7 Qg6 47. Qf5 Rh1+ 48. Kg2 Rc1 49. Qxg6+ Kxg6 50. Rc7 Rd1 51. Bd6 d4 52. Rc2 d3 53. Rc4 d2 54. Rd4 Kf5 55. Bb4 Kxe5 56. Rxd2 Rb1 57. Bc3+ Ke4 58. Bxg7 h5 59. Re2+ Kf5 60. Re3 Kg6 61. Bc3 Rb5 62. Be5 Kf5 63. Bf4 h4 64. Re5+ Rxe5 65. Bxe5 Kxe5 66. gxh4 Kf4 67. Kh3 1-0


[Site "https://www.chess.com"]

[Event "Titled Tuesday Blitz May 17 Late 2022"]
[White "Grischuk, Alexander"]
[Black "Keymer, Vincent"]
[WhiteFideId "4126025"]
[BlackFideId "12940690"]
[WhiteElo "2762"]
[BlackElo "2548"]
[Result "1-0"]
[Round "07"]
[TimeControl "180+1"]
[Date "2022.05.17"]
[WhiteClock "0:00:10"]
[BlackClock "0:00:11"]

1. e4 c6 2. d4 d5 3. e5 Bf5 4. Nf3 e6 5. Be2 c5 6. Be3 Qb6 7. Nc3 Nc6 8. Na4 Qa5+ 9. c3 c4 10. b4 Qd8 11. O-O Be7 12. Nd2 Bg6 13. g4 h5 14. gxh5 Bf5 15. Bg4 Bd3 16. Re1 Nh6 17. Bf3 Bh7 18. Nf1 Nf5 19. Ng3 Qd7 20. Nc5 Qc8 21. Bg4 b6 22. Na4 Qd7 23. Nb2 O-O-O 24. Qf3 Rdf8 25. Nxf5 Bxf5 26. Bxf5 exf5 27. Bf4 Rd8 28. Nd1 Qe6 29. b5 Na5 30. Ne3 g5 31. hxg6 fxg6 32. Bg3 Rhf8 33. h4 f4 34. Bxf4 g5 35. hxg5 Bxg5 36. Ng2 Qf5 37. e6 Bxf4 38. Kf1 Bd6 39. Qxf5 Rxf5 40. Re3 Rdf8 41. Re2 Nb7 42. Rae1 Rh5 43. Re3 Re8 44. f4 Nd8 45. Kf2 Re7 46. Kf3 Rf5 47. Kg4 Rf6 48. Nh4 Rxf4+ 49. Kg5 Re4 50. Rxe4 dxe4 51. d5 Rg7+ 52. Kf6 Rg8 53. Nf5 Rf8+ 54. Kg6 Bc5 55. e7 Re8 56. Rxe4 Nb7 57. Re6 Kd7 58. Kf7 Nd6+ 59. Nxd6 Bxd6 60. Rxd6+ Kxd6 61. Kxe8 Kxd5 62. Kd8 Kc5 63. e8=Q Kd5 64. Qc6+ Ke5 65. Qb7 Kd6 66. Qxa7 Kc5 67. Qa6 Kd5 68. Qxb6 Ke4 69. Qd4+ 1-0


[Site "https://www.chess.com"]

[Event "Titled Tuesday Blitz May 17 Late 2022"]
[White "Hansen, Eric"]
[Black "Martinez Alcantara, Jose Eduardo"]
[WhiteFideId "2606771"]
[BlackFideId "3805662"]
[WhiteElo "2568"]
[BlackElo "2690"]
[Result "1-0"]
[Round "07"]
[TimeControl "180+1"]
[Date "2022.05.17"]
[WhiteClock "0:00:10"]
[BlackClock "0:00:02"]

1. e4 c5 2. Nf3 d6 3. Bb5+ Nd7 4. c3 Nf6 5. Qe2 a6 6. Ba4 e5 7. O-O Be7 8. d4 O-O 9. dxe5 Nxe5 10. Nxe5 dxe5 11. c4 Be6 12. Nc3 Qc7 13. Bc2 Rad8 14. Nd5 Bxd5 15. exd5 g6 16. Re1 Nd7 17. Bh6 Rfe8 18. Qg4 Nf6 19. Qf3 Nh5 20. g3 Bd6 21. Rad1 Qd7 22. Kh1 f5 23. Bg5 Rc8 24. Qg2 Rf8 25. f3 Nf6 26. b3 Rce8 27. Re2 Kg7 28. Rde1 h6 29. Bd2 Re7 30. Bc3 Rfe8 31. g4 fxg4 32. fxg4 Nh7 33. Qg3 Nf8 34. g5 Kh7 35. Qh4 Kg8 36. gxh6 Rf7 37. Rg1 Kh7 38. Bd2 Be7 39. Qg3 Rf6 40. Qxe5 Qh3 41. Qg3 Qh5 42. Qg4 Qxg4 43. Rxg4 Rf7 44. Rge4 Rf1+ 45. Kg2 Rf7 46. d6 Rd8 47. dxe7 Kg8 48. exd8=Q 1-0


[Site "https://www.chess.com"]

[Event "Titled Tuesday Blitz May 17 Late 2022"]
[White "Izoria, Zviad"]
[Black "Pinheiro, Iung Alicio de O."]
[WhiteFideId "13601733"]
[BlackFideId "2104350"]
[WhiteElo "2626"]
[BlackElo "2283"]
[Result "1-0"]
[Round "07"]
[TimeControl "180+1"]
[Date "2022.05.17"]
[WhiteClock "0:00:57"]
[BlackClock "0:00:15"]

1. Nf3 c5 2. e4 Nc6 3. Nc3 e5 4. Bc4 Be7 5. d3 d6 6. O-O Nf6 7. Bg5 Nd7 8. Bxe7 Qxe7 9. Nd5 Qd8 10. a4 Nb6 11. c3 O-O 12. Nd2 Nxd5 13. Bxd5 Ne7 14. Ba2 Be6 15. Bxe6 fxe6 16. a5 Kh8 17. Nc4 Ng6 18. g3 d5 19. Ne3 Rc8 20. Qb3 c4 21. dxc4 d4 22. Rad1 Qf6 23. Nc2 Rfd8 24. Ne1 Rc7 25. cxd4 exd4 26. f4 e5 27. f5 Ne7 28. Nd3 Rdc8 29. Qb5 Rxc4 30. Qxe5 Nc6 31. Qf4 Re8 32. a6 b6 33. Rc1 Na5 34. e5 Qc6 35. e6 h6 36. Ne5 Qd5 37. Nxc4 Nxc4 38. Rcd1 Ne3 39. Qxe3 1-0


[Site "https://www.chess.com"]

[Event "Titled Tuesday Blitz May 17 Late 2022"]
[White "Jarocka, Liwia"]
[Black "Matinian, Nikita"]
[WhiteFideId "21807558"]
[BlackFideId "24129100"]
[WhiteElo "1887"]
[BlackElo "2422"]
[Result "0-1"]
[Round "07"]
[TimeControl "180+1"]
[Date "2022.05.17"]
[WhiteClock "0:00:02"]
[BlackClock "0:01:15"]

1. e4 c5 2. Nf3 Nc6 3. Bb5 g6 4. O-O Bg7 5. c3 Nf6 6. Re1 O-O 7. d4 d5 8. e5 Ne4 9. Nbd2 Qb6 10. Bxc6 bxc6 11. Nxe4 dxe4 12. Rxe4 Bf5 13. Re3 Rab8 14. h3 Rfd8 15. g4 Be6 16. Rd3 Bd5 17. Ne1 cxd4 18. cxd4 c5 19. dxc5 Qxc5 20. Be3 Qa5 21. b4 Qb5 22. Rc1 e6 23. f4 Qxb4 24. Bxa7 Ra8 25. Bc5 Qe4 26. Qf3 Qa4 27. Qf2 Rac8 28. Be3 Rxc1 29. Bxc1 Rb8 30. Be3 Rb1 31. Kh2 Qe4 32. Rxd5 exd5 33. Nf3 h6 34. Kg3 Rd1 35. Nd2 Qd3 36. Qf3 Rxd2 37. Bxd2 Qxd2 38. Qf2 Qc3+ 39. Qf3 Qc5 40. a4 g5 0-1


[Site "https://www.chess.com"]

[Event "Titled Tuesday Blitz May 17 Late 2022"]
[White "Jones, Gawain C B"]
[Black "Rychagov, Andrey"]
[WhiteFideId "409561"]
[BlackFideId "4119932"]
[WhiteElo "2657"]
[BlackElo "2500"]
[Result "1-0"]
[Round "07"]
[TimeControl "180+1"]
[Date "2022.05.17"]
[WhiteClock "0:00:12"]
[BlackClock "0:00:09"]

1. e4 e6 2. d3 d5 3. Qe2 Nf6 4. Nf3 Be7 5. g3 O-O 6. Bg2 c5 7. O-O Nc6 8. e5 Nd7 9. c4 b6 10. Nc3 d4 11. Ne4 Bb7 12. Bf4 Qc7 13. Rfe1 Ndxe5 14. Nxe5 Nxe5 15. Nd2 Bxg2 16. Bxe5 Qb7 17. Qg4 f6 18. Qxe6+ Rf7 19. Bf4 g5 20. f3 Bxf3 21. Nxf3 Qxf3 22. Rf1 Qxd3 23. Bxg5 Qg6 24. Bf4 Kg7 25. Rae1 Bf8 26. Qd5 Rc8 27. Re6 Re7 28. Rxe7+ Bxe7 29. Re1 Qf7 30. Bh6+ Kg6 31. Qd7 Re8 32. Bf4 Kg7 33. Bd6 Kf8 34. Rxe7 Rxe7 35. Qd8+ Qe8 36. Bxe7+ 1-0


[Site "https://www.chess.com"]

[Event "Titled Tuesday Blitz May 17 Late 2022"]
[White "Kavyev, Ruslan"]
[Black "Pap, Gyula"]
[WhiteFideId "34110981"]
[BlackFideId "725323"]
[WhiteElo "2180"]
[BlackElo "2553"]
[Result "0-1"]
[Round "07"]
[TimeControl "180+1"]
[Date "2022.05.17"]
[WhiteClock "0:00:02"]
[BlackClock "0:02:03"]

1. d4 d5 2. c4 e6 3. g3 Nf6 4. Bg2 Bb4+ 5. Bd2 Be7 6. Nf3 O-O 7. O-O Nbd7 8. Qc2 c6 9. Bf4 Nh5 10. Bc1 Nhf6 11. Bf4 b6 12. Rd1 Bb7 13. Ne5 Nxe5 14. Bxe5 Rc8 15. Nc3 dxc4 16. a4 Nd5 17. Ne4 Nb4 18. Qc3 a5 19. e3 Ba6 20. Bf1 f6 21. Bf4 g5 22. Bxc4 Bxc4 23. Qxc4 Qd5 24. Qe2 Qxe4 0-1


[Site "https://www.chess.com"]

[Event "Titled Tuesday Blitz May 17 Late 2022"]
[White "Khater, Sherif"]
[Black "Moroni, Luca Jr"]
[WhiteFideId "2034280"]
[BlackFideId "865834"]
[WhiteElo "2599"]
[BlackElo "2573"]
[Result "0-1"]
[Round "07"]
[TimeControl "180+1"]
[Date "2022.05.17"]
[WhiteClock "0:00:09"]
[BlackClock "0:00:15"]

1. b3 g6 2. Bb2 Nf6 3. e3 Bg7 4. Ne2 h5 5. h4 d5 6. Nf4 Nc6 7. c4 d4 8. b4 dxe3 9. fxe3 Nxb4 10. a3 Nc6 11. Nd5 O-O 12. Bxf6 exf6 13. Nbc3 f5 14. Be2 Be6 15. Qc2 Be5 16. O-O-O b5 17. g4 fxg4 18. Rdf1 bxc4 19. Bxc4 Qd6 20. d4 Qxa3+ 21. Kd2 Nxd4 22. exd4 Bxd4 23. Rf4 Qc5 24. Qd3 Bg7 25. Ne4 Qa5+ 26. Ke2 Bxd5 27. Bxd5 Rad8 28. Bxf7+ Kh8 29. Qb3 Rb8 30. Qd3 Rxf7 31. Rxf7 Qa2+ 32. Ke3 Qxf7 33. Ng5 Re8+ 34. Kd2 Qa2+ 35. Kd1 Qa1+ 36. Kc2 Qb2+ 37. Kd1 Qd4 38. Qxd4 Bxd4 39. Kc2 a5 40. Kd3 c5 41. Rb1 a4 42. Rb7 Ra8 43. Nf7+ Kg7 44. Ne5+ Kf6 45. Nd7+ Kf5 46. Nb6 a3 47. Nxa8 a2 48. Rf7+ Ke6 49. Ra7 a1=Q 50. Rxa1 Bxa1 51. Nb6 Bf6 52. Na4 Kd6 53. Ke4 Bxh4 54. Nb6 Kc6 55. Nc4 Bf6 56. Ne3 Kb5 57. Nd5 Bg5 58. Kd3 h4 59. Ne3 Bxe3 0-1


[Site "https://www.chess.com"]